 Dungeon Crawl Stone Soup version 0.30-a0-737-gf23d94013f (webtiles) character file.

Game seed: 597109802091266561

216 arthad the Trooper (level 5, -5/34 HPs)
             Began as a Gargoyle Fighter on Feb 3, 2023.
             Was a Follower of Jiyva.
             Killed by divine providence
             ... invoked by an orc priest
              (13 damage)
             ... on level 3 of the Dungeon.
             The game lasted 00:04:29 (2902 turns).

arthad the Trooper (Gargoyle Fighter)               Turns: 2902, Time: 00:04:29

Health: -5/34      AC: 12    Str: 28    XL:     5   Next: 93%
Magic:  14/14      EV:  9    Int:  8    God:    Jiyva [*.....]
Gold:   141        SH:  4    Dex:  9    Spells: 4/4 levels left

rFire   . . .      SeeInvis .    a - +0 flail
rCold   . . .      Faith    .    c - +0 buckler
rNeg    + . .      Spirit   .    b - +0 scale mail
rPois   ∞          Reflect  .    (no helmet)
rElec   +          Harm     .    q - +0 cloak
rCorr   .          Rampage  .    (no gloves)
Will    .....                    (no boots) Stlth
                                 (no amulet)
HPRegen 1.05/turn                g - ring of magical power
MPRegen 0.39/turn                n - +6 ring of strength

@: no status effects
A: sickness immunity, AC +4, negative energy resistance 1, electricity
resistance, torment resistance 1, petrification resistance
a: Renounce Religion


You were on level 3 of the Dungeon.
You worshipped Jiyva.
Jiyva was aware of your devotion.
You visited 1 branch of the dungeon, and saw 3 of its levels.

You collected 171 gold pieces.
You spent 30 gold pieces at shops.

Inventory:

Hand Weapons
 a - a +0 flail (weapon)
Missiles
 r - 6 poisoned darts (quivered)
Armour
 b - a +0 scale mail (worn)
 c - a +0 buckler (worn)
 q - a +0 cloak (worn)
Jewellery
 g - a ring of magical power (left hand)
 n - a +6 ring of strength (right hand)
Scrolls
 e - 4 scrolls of identify {unknown}
 f - a scroll of fog {unknown}
 h - 2 scrolls of teleportation {unknown}
 m - 2 scrolls of vulnerability {unknown}
 p - a scroll of acquirement {unknown}
 s - 2 scrolls of butterflies {unknown}
 t - a scroll of amnesia {unknown}
 u - a scroll of magic mapping {unknown}
 v - a scroll of blinking {unknown}
Potions
 d - 2 potions of might
 i - a potion of haste {unknown}
 j - a potion of mutation {unknown}
 k - a potion of curing
 l - a potion of invisibility {unknown}
 o - a potion of resistance {unknown}
 w - a potion of brilliance {unknown}


   Skills:
 * Level 4.7 Fighting
 * Level 3.7 Maces & Flails
 + Level 0.5 Throwing
 + Level 4.1 Armour
 + Level 4.1 Shields


You had 4 spell levels left.
You didn't know any spells.
Your spell library contained the following spells:

 Spells                   Type           Power      Damage    Failure   Level
 Petrify                  Tmut/Erth      0%         N/A       100%        4
 Irradiate                Conj/Tmut      0%         3d11      100%        5
 Sublimation of Blood     Necr           Unusable   N/A       N/A         2

Dungeon Overview and Level Annotations

Branches:
Dungeon (3/15)

Altars:
Jiyva

Shops:
D:2 !


Innate Abilities, Weirdness & Mutations

You are immune to sickness and miasma.
Your stone body is resilient. (AC +4)
You are immune to poison.
You resist negative energy. (rN+)
You are resistant to electric shocks. (rElec)
You are resistant to unholy torment.
You are immune to petrification.


Message History

The orc wizard hits you but does no damage.
The orc wizard points at you and mumbles some strange words.
The magic dart hits you but does no damage.
You closely miss the orc wizard.
The orc wizard is almost dead.
The orc priest looks braver for a moment.
The orc wizard hits you with a +0 dagger.
You hit the orc wizard.
You kill the orc wizard!
You barely miss the orc. The orc hits you with a +0 hand axe.
The orc hits you but does no damage.
The orc priest mumbles some strange prayers to Beogh against you.
Beogh smites you!
You are too injured to fight recklessly!
You are too injured to fight recklessly!
You are too injured to fight recklessly!
You are too injured to fight recklessly!
You are too injured to fight recklessly!
You are too injured to fight recklessly!
You are too injured to fight recklessly!
You are too injured to fight recklessly!
You are too injured to fight recklessly!
You are too injured to fight recklessly!
You are too injured to fight recklessly!
You are too injured to fight recklessly!
You are too injured to fight recklessly!
You feel better. The orc hits you but does no damage.
You closely miss the orc. The orc hits you but does no damage.
You barely miss the orc. The orc hits you with a +0 hand axe.
You hit the orc.
The orc is severely wounded.
The orc priest calls upon Beogh to heal the orc.
The orc's wounds heal themselves!
The orc closely misses you.
You hit the orc but do no damage.
The orc priest invokes the aid of Beogh against you.
Beogh smites you! The orc misses you. The orc hits you with a +0 hand axe.
* * * LOW HITPOINT WARNING * * *
The orc priest calls down the wrath of Beogh upon you.
Beogh smites you!
You die...

#####...########
### ####
...............#.#
#.###########
#.############.#.#
#.##.........
...............#.#
#...........#
#############..#.#
####.#....)..
#..#o# #.#.#..#..
#..#o# #.#....#..
#..#o# #.#..#.#..
#..#@# #.#..#.#..
#....# #.#..#^#..
#.#### #.#..#.#..
#. #.####.#.. ##
#.####.#..
#......#..
########.# #.. ###


You could see an orc priest and 2 orcs.

Vanquished Creatures
  Jessica (D:3)
  Natasha (twice) (D:3)
  An orc wizard (D:3)
  4 adders (D:2)
  A worm (D:2)
  6 orcs
  5 endoplasms
  2 giant cockroaches
  7 goblins
  9 hobgoblins
  4 jackals (D:2)
  5 kobolds
  7 ball pythons
  7 bats
  2 frilled lizards
  8 rats
71 creatures vanquished.

Vanquished Creatures (others)
  11 plants (D:2)
11 creatures vanquished.

Grand Total: 82 creatures vanquished

Notes
Turn   | Place    | Note
-------+----------+-------------------------------------------
     0 | D:1      | arthad the Gargoyle Fighter began the quest for the Orb.
     0 | D:1      | Reached XP level 1. HP: 14/14 MP: 1/1
    55 | D:1      | Reached XP level 2. HP: 8/19 MP: 2/2
   490 | D:1      | Reached XP level 3. HP: 18/24 MP: 3/3
   996 | D:2      | Reached XP level 4. HP: 27/29 MP: 4/4
  1183 | D:2      | You fall into a shaft and drop 1 floor!
  1195 | D:3      | Noticed Jessica
  1203 | D:3      | Killed Jessica
  1483 | D:3      | Reached XP level 5. HP: 34/34 MP: 5/5
  1780 | D:2      | Found Razacim's Distillery.
  1788 | D:2      | Bought a potion of curing for 30 gold pieces
  2239 | D:3      | Noticed Natasha
  2249 | D:3      | Killed Natasha
  2267 | D:3      | Found a faded altar of an unknown god.
  2270 | D:3      | Prayed at the altar of an unknown god.
  2270 | D:3      | Became a worshipper of Jiyva Jyiheush the Shapeless
  2270 | D:3      | Reached * piety under Jiyva
  2795 | D:3      | Noticed Natasha
  2806 | D:3      | Killed Natasha
  2902 | D:3      | Killed from afar by an orc priest

Illustrated notes

Levels and vault maps discovered:
D:1:      minmay_arrival_radiant_lines, layout_loops_ring, st_stairs_13,
          minmay_splitting_lines, corner_web_ring
D:2:      layout_loops_ring, serial_shops, shop, guppyfry_early_lair_pool
D:3:      layout_basic, serial_curves, eino_curves_04, eino_curves_04,
          hellmonk_ecumenical_altar_inner_sanctum, uniq_ijyb, uniq_jessica,
          uniq_natasha

Skill      XL: |  1  2  3  4  5 |
---------------+----------------+-----
Fighting       | 4 |  4.7
Maces & Flails | 3 |  3.7
Armour         | 4 |  4.1
Shields        | 4 |  4.1
Throwing       | |  0.5

Action                     |  1- 3 |  4- 6 || total
---------------------------+-------+-------++-------
  Melee: Flail             |   140 |   137 ||   277
  Throw: Dart              |       |     2 ||     2
    Use: Potion            |       |     1 ||     1
 Armour: Scale mail        |    84 |   114 ||   198
  Dodge: Dodged            |    84 |    99 ||   183
  Block: Buckler           |    32 |    40 ||    72

Table legend: (Time is in decaauts)
 A = Elapsed time spent in this place.
 B = Non-inter-level travel time spent in this place.
 C = Inter-level travel time spent in this place.
 D = Time resting spent in this place.
 E = Time spent auto-exploring this place.
 F = Levels seen in this place.
 G = Mean time per level.
                   A        B        C        D        E       F      G
               +--------+--------+--------+--------+--------+-----+--------+
         Total |   2983 |   2812 |    171 |     31 |   2176 |   3 |  994.3 |
       Dungeon |   2983 |   2812 |    171 |     31 |   2176 |   3 |  994.3 |
               +--------+--------+--------+--------+--------+-----+--------+

Top non-repeatable levels by time:
     D:3: 1136 daAuts
     D:2: 997 daAuts
     D:1: 849 daAuts
